 Dungeon Crawl Stone Soup version 0.19.1 (webtiles) character file.

189 esteth the Poker (level 5, 0/42 HPs)
             Began as a Demonspawn Abyssal Knight on Dec 22, 2016.
             Was a Priest of Lugonu.
             Slain by an orc
             ... wielding a +0 short sword
              (1 damage)
             ... on level 4 of the Dungeon.
             The game lasted 00:10:58 (4176 turns).

esteth the Poker (Demonspawn Abyssal Knight)        Turns: 4176, Time: 00:10:58

Health: 0/42       AC:  6    Str: 13    XL:     5   Next: 40%
Magic:  0/7        EV: 11    Int: 13    God:    Lugonu [***...]
Gold:   133        SH:  0    Dex: 13    Spells: 0 memorised, 4 levels left

rFire  . . .     SeeInvis .     a - +1 spear
rCold  . . .     Gourm    .     b - +0 leather armour
rNeg   . . .     Faith    .     (no shield)
rPois  .         Spirit   +     s - +2 helmet
rElec  .         Reflect  .     (no cloak)
rCorr  .         Harm     .     (no gloves)
MR     .....                    (no boots)
Stlth  ++........               (no amulet)
                                (no ring)
                                (no ring)

@: heavily drained
A: nightstalker 1, magic shield, sturdy frame 2
a: Depart the Abyss, Bend Space, Banish, Renounce Religion


You were on level 4 of the Dungeon.
You worshipped Lugonu.
Lugonu was most pleased with you.
You were not hungry.

You visited 1 branch of the dungeon, and saw 4 of its levels.
You visited the Abyss 1 time.

You collected 133 gold pieces.

Inventory:

Hand Weapons
 a - a +1 spear (weapon)
Armour
 b - a +0 leather armour (worn)
 s - a +2 helmet (worn)
Scrolls
 d - 2 scrolls of recharging {unknown}
 e - 5 scrolls of identify {unknown}
 i - a scroll of teleportation {unknown}
 j - a scroll of magic mapping {unknown}
 r - a scroll of enchant weapon {unknown}
Potions
 k - 2 potions of mutation {unknown}
 l - 2 potions of brilliance {unknown}
 o - a potion of berserk rage {unknown}
 q - a potion of lignification {unknown}
Comestibles
 c - 3 bread rations
 g - 3 meat rations
 h - a beef jerky
 n - 3 fruits
 p - a slice of pizza


   Skills:
 + Level 4.1(2.8) Fighting
 * Level 4.2(2.9) Polearms
 - Level 1.8(0.6) Armour
 - Level 1.1(0.0) Dodging
 - Level 2.7(1.5) Invocations


You had 4 spell levels left.
You didn't know any spells.

Dungeon Overview and Level Annotations

Branches:
Dungeon (4/15)
 Temple: D:4-7

Altars:

Annotations:
D:4 Edmund; RussianFaggotGlassGo's ghost, amateur FoCK


Innate Abilities, Weirdness & Mutations

You are slightly more attuned to the shadows.
When hurt, damage is shared between your health and your magic reserves.
Your movements are less encumbered by armour. (ER -4)


Message History

Edmund shouts!
You hit the orc but do no damage. The orc barely misses you.
You hit the orc.
The orc is moderately wounded.
The orc hits you but does no damage.
RussianFaggotGlassGo's ghost hits you but does no damage.
A hound skeleton comes into view.
You hit the orc.
The orc is severely wounded.
The worker ant waves its antennae.
The orc barely misses you.
RussianFaggotGlassGo's ghost barely misses you.
You barely miss the orc.
The orc is severely wounded.
The orc closely misses you. RussianFaggotGlassGo's ghost hits you.
* * * LOW HITPOINT WARNING * * *
You closely miss the orc.
The orc is severely wounded.
The orc hits you with a short sword.
You die...

.....
#....
... .Z@
#a# #W#
#@# #o#
..#
....
...).
#.#.###
#.#.


You could see Edmund, a worker ant, RussianFaggotGlassGo's ghost, an orc and a
hound skeleton.

Vanquished Creatures
  Natasha (D:2)
  Robin (D:2)
  4 adders
  2 worms (D:2)
  2 leopard geckos
  2 orcs (D:3)
  A ball python (D:2)
  8 bats
  5 giant cockroaches
  18 goblins
  14 hobgoblins
  2 jackals (D:2)
  9 kobolds
  2 quokkas
  A frilled lizard (D:2)
  37 rats
109 creatures vanquished.

Notes
Turn   | Place    | Note
-------+----------+-------------------------------------------
     0 | Abyss:1  | esteth the Demonspawn Abyssal Knight began the quest for the Orb.
     0 | Abyss:1  | Reached XP level 1. HP: 18/18 MP: 2/2
     2 | Abyss:1  | Found an iron altar of Okawaru.
    18 | D:1      | Escaped the Abyss
    46 | D:1      | Reached skill level 1 in Dodging
   131 | D:1      | Gained mutation: Your movements are slightly less encumbered by armour. (ER -2) [demonic ancestry]
   131 | D:1      | Reached XP level 2. HP: 24/24 MP: 4/4
   730 | D:1      | Reached ** piety under Lugonu
   893 | D:1      | Gained mutation: Your movements are less encumbered by armour. (ER -4) [demonic ancestry]
   893 | D:1      | Reached XP level 3. HP: 29/29 MP: 5/5
  1733 | D:2      | Gained mutation: You are slightly more attuned to the shadows. [demonic ancestry]
  1733 | D:2      | Reached XP level 4. HP: 29/36 MP: 6/6
  2201 | D:2      | Reached *** piety under Lugonu
  2546 | D:2      | Noticed Robin
  3154 | D:2      | Killed Robin
  3259 | D:2      | Noticed Natasha
  3274 | D:2      | Killed Natasha
  3274 | D:2      | Gained mutation: When hurt, damage is shared between your health and your magic reserves. [demonic ancestry]
  3274 | D:2      | Reached XP level 5. HP: 9/42 MP: 7/7
  3929 | D:3      | Noticed an orc warrior
  4128 | D:3      | HP: 1/42 [spatial distortion (3)]
  4168 | D:4      | Noticed RussianFaggotGlassGo's ghost (amateur FoCK)
  4170 | D:4      | HP: 2/42 [orc/short sword (3)]
  4172 | D:4      | Noticed Edmund
  4175 | D:4      | HP: 1/42 [RussianFaggotGlassGo's ghost (1)]
  4176 | D:4      | Slain by an orc

Skill      XL: |  1  2  3  4 |
---------------+-------------+-----
Dodging        | 1 |  1.1
Polearms       | 2 3 4 |  4.2
Fighting       | 4 |  4.1
Armour         | |  1.8
Invocations    | |  2.7

Action                   |  1- 3 |  4- 6 || total
-------------------------+-------+-------++-------
Melee: Spear             |   148 |   253 ||   401
Invok: Bend Space        |       |     2 ||     2
  Use: Potion            |       |     2 ||     2
 Stab: Sleeping          |       |     6 ||     6
       Distracted        |       |     1 ||     1
  Eat: Chunk             |     3 |     3 ||     6
       Bread ration      |       |     1 ||     1
Armor: Leather armour    |    22 |    81 ||   103
Dodge: Dodged            |    71 |   134 ||   205
